 Dungeon Crawl Stone Soup version 0.17.1-3-g152610e (webtiles) character file.

47189 Gargoyl the Protected (level 14, -9/114 HPs)
             Began as a Demonspawn Abyssal Knight on Apr 15, 2016.
             Was a High Priest of Lugonu.
             Mangled by an ice dragon (10 damage)
             ... in an ice cave.
             The game lasted 00:53:02 (19322 turns).

Gargoyl the Protected (Demonspawn Abyssal Knight)  Turns: 19322, Time: 00:53:04

Health: -9/114     AC: 32    Str: 15    XL:     14   Next: 7%
Magic:  15/19      EV:  9    Int: 13    God:    Lugonu [*****.]
Gold:   1485       SH: 17    Dex: 14    Spells: 0 memorised, 13 levels left

rFire  . . .     SeeInvis .     p - +3 broad axe
rCold  + + .     Clarity  .     A - +0 plate armour
rNeg   . . .     SustAt   .     C - +1 large shield
rPois  +         Gourm    .     h - +0 helmet
rElec  +         Spirit   .     y - +2 cloak
rCorr  +         Warding  .     J - +1 pair of gloves
rMut   .         Stasis   .     P - +1 pair of boots of the Hanged Man {rPois}
MR     +....                    g - amulet of resist corrosion
Stlth  ..........               B - +4 ring of protection
                                I - +5 ring of evasion

@: somewhat resistant to hostile enchantments, extremely unstealthy
A: claws 2, rugged brown scales 2, cold resistance 2, mutation resistance 1,
powered by death 1, electricity resistance, spiny 2, weak 1, wild magic 1
a: Depart the Abyss, Bend Space, Banish, Corrupt, Enter the Abyss, Renounce
Religion


You were in an ice cave.
You worshipped Lugonu.
Lugonu was extremely pleased with you.
You were not hungry.

You visited 2 branches of the dungeon, and saw 17 of its levels.
You visited the Abyss 4 times.
You also visited: Ice Cave.

You collected 1485 gold pieces.

Inventory:

Hand Weapons
 p - a +3 broad axe (weapon)
 z - a +0 flail
 F - the +6 falchion of the Wraith {freeze, Str+7}
   (You found it on level 1 of the Abyss)

   It has been specially enchanted to freeze those struck by it, causing extra
   injury to most foes and up to half again as much damage against particularly
   susceptible opponents.
   It can also slow down cold-blooded creatures.
   It affects your strength (+7).
 H - a +0 demon trident of freezing
 Y - the +0 broad axe "Etoott" {speed, rElec Int+3 Dex+2}
   (You found it on level 7 of the Lair of Beasts)

   Attacks with this weapon are significantly faster.
   It affects your intelligence (+3).
   It affects your dexterity (+2).
   It insulates you from electricity.
Missiles
 W - 5 javelins (quivered)
Armour
 h - a +0 helmet (worn)
 y - a +2 cloak (worn)
 A - a +0 plate armour (worn)
 C - a +1 large shield (worn)
 J - a +1 pair of gloves (worn)
 P - the +1 pair of boots of the Hanged Man (worn) {rPois}
   (You acquired it on level 1 of the Abyss)

   It protects you from poison.
Jewellery
 g - an amulet of resist corrosion (around neck)
 r - an uncursed ring of protection from cold
 w - an uncursed ring of magical power
 B - a +4 ring of protection (right hand)
 I - a +5 ring of evasion (left hand)
 V - an uncursed ring of see invisible
Wands
 f - a wand of confusion (17)
 l - a wand of confusion (15)
 o - a wand of hasting (6)
 x - a wand of random effects (32)
 G - a wand of confusion (14)
 M - a wand of digging (8)
 N - a wand of digging (11)
 O - a wand of fireball (4)
 Q - a wand of paralysis (9)
 R - a wand of frost (12)
 S - a wand of disintegration (15)
 T - a wand of teleportation (6)
Scrolls
 a - a scroll of fear
 e - 13 scrolls of remove curse
 i - 5 scrolls of identify
 j - 5 scrolls of recharging
 n - 2 scrolls of amnesia
 q - 5 scrolls of teleportation
 L - 4 scrolls of magic mapping
Potions
 s - 4 potions of flight
 t - 2 potions of poison
 u - a potion of magic
 v - 7 potions of curing
 D - a potion of cancellation
Books
 k - a book of Dreams

   Spells                             Type                      Level
   a - Ensorcelled Hibernation        Hexes/Ice                    2
   b - Phase Shift                    Translocation                5
   c - Shadow Creatures               Summoning                    5
   d - Silence                        Hexes/Air                    5
   e - Darkness                       Hexes                        6
   f - Mass Confusion                 Hexes                        6
 m - a book of Fire

   Spells                             Type                      Level
   a - Ignite Poison                  Fire/Transmutation/Poison    3
   b - Fireball                       Conjuration/Fire             5
   c - Bolt of Fire                   Conjuration/Fire             6
   d - Delayed Fireball               Conjuration/Fire             7
   e - Ring of Flames                 Charms/Fire                  7
 E - a Grand Grimoire

   Spells                             Type                      Level
   a - Monstrous Menagerie            Summoning                    6
   b - Summon Greater Demon           Summoning                    7
   c - Malign Gateway                 Summoning/Translocation      7
   d - Summon Horrible Things         Summoning                    8
 K - Vehumet's Guide on Attacks
   (You found it on level 3 of the Lair of Beasts)

   Spells                             Type                      Level
   a - Flame Tongue                   Conjuration/Fire             1
   b - Shock                          Conjuration/Air              1
   c - Throw Flame                    Conjuration/Fire             2
   d - Mephitic Cloud                 Conjuration/Poison/Air       3
 X - a book of Clouds

   Spells                             Type                      Level
   a - Mephitic Cloud                 Conjuration/Poison/Air       3
   b - Conjure Flame                  Conjuration/Fire             3
   c - Poisonous Cloud                Conjuration/Poison/Air       6
   d - Freezing Cloud                 Conjuration/Ice/Air          6
   e - Ring of Flames                 Charms/Fire                  7
Miscellaneous
 d - a phial of floods
Comestibles
 b - 8 meat rations
 c - 5 bread rations


   Skills:
 + Level 9.6 Fighting
 + Level 10.8(10.9) Axes
 + Level 0.1(6.8) Maces & Flails
 + Level 1.1(7.0) Polearms
 + Level 1.8 Throwing
 * Level 13.9 Armour
 + Level 4.5 Dodging
 + Level 2.0 Stealth
 + Level 9.2 Shields
 + Level 7.2 Invocations


You had 13 spell levels left.
You didn't know any spells.

Dungeon Overview and Level Annotations

Branches:
Dungeon (9/15)             Temple (0/1) D:7            Lair (8/8) D:9
  Swamp (0/4) Lair:3       Spider (0/4) Lair:6        Slime (0/6) Lair:7
    Orc: D:9-12

Altars:
Kikubaaqudgha
Qazlal
Sif Muna
Trog
Vehumet
Xom

Shops:
D:6 }

Annotations:
Abyss:1 Maud


Innate Abilities, Weirdness & Mutations

You have very sharp fingernails.
You are mostly covered in rugged brown scales (AC +2, +5% HP).
Your flesh is very cold resistant.
You regenerate a little health from kills.
You are mostly covered in sharp spines.
You are somewhat resistant to further mutation.
You are resistant to electric shocks.
You are weak. (Str -2)
Your spells are a little harder to cast, but a little more powerful.


Message History

The ice dragon bites you but does no damage.
The ice dragon claws you but does no damage.
You block the ice dragon's attack.
Drink which item? (? for menu, Esc to quit)
You feel better. You block the ice dragon's attack.
The ice dragon closely misses you. You block the ice dragon's attack.
The ice dragon bites you!
* * * LOW HITPOINT WARNING * * *
The ice dragon claws you but does no damage.
The ice dragon tramples you but does no damage.
Press: ? - help, Shift-Dir - straight line, f - ice dragon
Aim: an ice dragon (heavily wounded, catching its breath, chance to defeat MR: 66%)
The ice dragon struggles to resist.
You feel somewhat more hungry. The ice dragon bites you!
* * * LOW HITPOINT WARNING * * *
You block the ice dragon's attack. x2
The ice dragon bites you but does no damage.
The ice dragon claws you but does no damage.
The ice dragon tramples you!
You die...

#..##
#..#.##
##.##
##.##..#
#.#.#
#..#...#
##.##
##...#.##
#..#
#####..#
##.##
#...#
#..#
##..#
##.# ##.#
##..#
#@.#
#.#.#
#$$$.D.D#
##.##
#$$....##
##.#
#$.....#
#.##
#$.....#
##..#
#$"...##
##...#
##$=..
##.####
#="$#
...#


You could see 2 ice dragons.

Vanquished Creatures
  A catoblepas (Lair:7)
  2 hydras
  2 death yaks (Lair:7)
  Sonja (Lair:4)
  Nergalle (Lair:4)
  A wolf spider (Lair:7)
  An oklob plant (Lair:7)
  A griffon (Lair:6)
  8 black mambas
  6 elephants (Lair:6)
  22 spiny frogs
  Joseph (D:7)
  2 ice statues (IceCv)
  A smoke demon (Abyss:1)
  3 torpor snails
  5 fire drakes
  8 komodo dragons
  An ancient zyme (Abyss:1)
  8 blink frogs
  A giant leech (Lair:3)
  A boulder beetle (Lair:5)
  A large abomination (Abyss:1)
  A ynoxinul (Abyss:1)
  The ghost of kirsanium the Chucker, an amateur OgHu (D:6)
  2 basilisks
  A chaos spawn (Abyss:1)
  31 yaks
  19 wolves
  8 hippogriffs
  11 porcupines
  11 water moccasins
  4 ogres
  A black bear (Lair:2)
  An orc warrior (D:9)
  7 spiders (Lair:6)
  2 wasps (Lair:7)
  16 ice beasts
  2 sky beasts (D:8)
  3 phantoms
  3 centaurs
  16 crocodiles
  A wyvern zombie (D:6)
  13 giant frogs
  3 scorpions
  3 wights (D:9)
  4 killer bees (D:7)
  6 hounds
  5 crimson imps
  A small abomination (Abyss:1)
  An electric eel (Lair:3)
  A jelly (D:7)
  7 iguanas
  2 giant frog skeletons
  A quasit (Abyss:1)
  Crazy Yiuf (D:3)
  5 orc priests
  A centaur skeleton (D:6)
  Jessica (D:2)
  5 orc wizards
  A worker ant (D:8)
  19 sheep
  A killer bee zombie (D:9)
  4 hound skeletons
  2 hound zombies (D:5)
  27 river rats
  29 adders
  3 gnolls (D:5)
  A shadow imp (D:9)
  2 oozes
  3 worms (D:2)
  20 orcs
  7 giant cockroaches
  7 goblins
  7 hobgoblins
  3 jackals (D:3)
  3 ball pythons
  9 bats
  4 giant geckos
  A giant gecko zombie (D:6)
  6 giant newts
  11 kobolds
  3 quokkas
  9 rats
  4 fungi
  2 plants
467 creatures vanquished.

Vanquished Creatures (others)
  The ghost of aardvark the Severer, a journeyman MiBe of Trog (Lair:8)
  5 hydras
  A troll (D:6)
  18 fungi
  13 plants
38 creatures vanquished.

Grand Total: 505 creatures vanquished

Notes
Turn   | Place    | Note
--------------------------------------------------------------
     0 | Abyss:1  | Gargoyl the Demonspawn Abyssal Knight began the quest for the Orb.
     0 | Abyss:1  | Reached XP level 1. HP: 18/18 MP: 2/2
    49 | Abyss:2  | Found an opulent altar of Gozag.
    60 | Abyss:2  | Noticed a chaos spawn
    60 | D:1      | Escaped the Abyss
   220 | D:1      | Reached * piety under Lugonu
   292 | D:1      | Gained mutation: You regenerate a little health from kills. [demonic ancestry]
   292 | D:1      | Reached XP level 2. HP: 24/24 MP: 4/4
   383 | D:1      | Reached skill level 1 in Dodging
   879 | D:2      | Found a deep blue altar of Sif Muna.
   910 | D:2      | Found an ancient bone altar of Kikubaaqudgha.
   922 | D:2      | Gained mutation: You have sharp fingernails. [demonic ancestry]
   922 | D:2      | Reached XP level 3. HP: 26/29 MP: 5/5
  1153 | D:2      | Gained mutation: You are partially covered in sharp spines. [demonic ancestry]
  1153 | D:2      | Reached XP level 4. HP: 10/35 MP: 6/6
  1672 | D:2      | Noticed Jessica
  1677 | D:2      | Killed Jessica
  1718 | D:2      | Reached ** piety under Lugonu
  1819 | D:2      | Gained mutation: You are partially covered in rugged brown scales (AC +1, +3% HP). [demonic ancestry]
  1819 | D:2      | Reached XP level 5. HP: 36/42 MP: 7/7
  1995 | D:3      | Found a stormy altar of Qazlal.
  2191 | D:3      | Reached skill level 4 in Armour
  2579 | D:3      | Found a shimmering altar of Xom.
  2579 | D:3      | Found a bloodstained altar of Trog.
  2746 | D:3      | Noticed Crazy Yiuf
  2751 | D:3      | Gained mutation: Your spells are a little harder to cast, but a little more powerful. [potion of mutation]
  2751 | D:3      | Gained mutation: You are somewhat resistant to further mutation. [potion of mutation]
  2751 | D:3      | Lost mutation: Your spells are a little harder to cast, but a little more powerful. [potion of mutation]
  2884 | D:3      | Killed Crazy Yiuf
  3044 | D:3      | Reached *** piety under Lugonu
  3055 | D:3      | Reached XP level 6. HP: 27/49 MP: 8/8
  3578 | D:4      | Reached skill level 1 in Stealth
  3714 | D:4      | Reached skill level 5 in Armour
  4186 | D:5      | Entered Level 5 of the Dungeon
  4233 | D:5      | Found a radiant altar of Vehumet.
  4274 | D:5      | Reached XP level 7. HP: 56/56 MP: 9/9
  4690 | D:5      | Reached skill level 6 in Armour
  5208 | D:6      | Gained mutation: Your spells are a little harder to cast, but a little more powerful. [potion of mutation]
  5208 | D:6      | Gained mutation: You are weak. (Str -2) [potion of mutation]
  5221 | D:6      | Noticed kirsanium's ghost (amateur OgHu)
  5233 | D:6      | Killed kirsanium's ghost
  5233 | D:6      | Gained mutation: You are mostly covered in sharp spines. [demonic ancestry]
  5233 | D:6      | Reached XP level 8. HP: 24/62 MP: 10/10
  5426 | D:6      | Reached skill level 5 in Fighting
  5452 | D:6      | Reached **** piety under Lugonu
  5452 | D:6      | Reached skill level 7 in Armour
  5753 | D:6      | Found Nisooc's Gadget Boutique.
  5957 | D:6      | Noticed a troll
  5971 | D:6      | Banished a troll
  6278 | D:6      | Reached skill level 8 in Armour
  6432 | D:7      | Found a staircase to the Ecumenical Temple.
  6551 | D:7      | Reached skill level 1 in Throwing
  6551 | D:7      | Reached XP level 9. HP: 65/70 MP: 11/11
  6581 | D:7      | Noticed Joseph
  6597 | D:7      | Reached skill level 5 in Axes
  6600 | D:7      | Killed Joseph
  6631 | D:7      | Reached skill level 9 in Armour
  6925 | D:8      | Gained mutation: You are resistant to electric shocks. [mutagenic meat]
  7319 | D:8      | Gained mutation: Your flesh is cold resistant. [mutagenic meat]
  7801 | D:9      | Found a staircase to the Lair.
  7802 | D:9      | Noticed a komodo dragon
  7804 | D:9      | Reached ***** piety under Lugonu
  7823 | D:9      | Killed a komodo dragon
  7823 | D:9      | Reached skill level 10 in Armour
  7823 | D:9      | Gained mutation: You have very sharp fingernails. [demonic ancestry]
  7823 | D:9      | Reached XP level 10. HP: 28/78 MP: 12/12
  8419 | Lair:1   | Entered Level 1 of the Lair of Beasts
  8448 | Lair:1   | Noticed a five-headed hydra
  8451 | Lair:1   | Banished a five-headed hydra
  8451 | Lair:1   | Reached skill level 1 in Shields
  9155 | Lair:1   | Noticed an eight-headed hydra
  9156 | Lair:1   | Banished an eight-headed hydra
  9690 | Lair:2   | Noticed an eight-headed hydra
  9693 | Lair:2   | Banished an eight-headed hydra
  9693 | Lair:2   | Reached skill level 11 in Armour
  9698 | Lair:2   | Noticed a seven-headed hydra
  9715 | Lair:2   | Banished a seven-headed hydra
  9715 | Lair:2   | Gained mutation: You are mostly covered in rugged brown scales (AC +2, +5% HP). [demonic ancestry]
  9715 | Lair:2   | Reached XP level 11. HP: 34/88 MP: 4/14
  9908 | Lair:2   | Reached skill level 5 in Invocations
 11186 | Lair:3   | Noticed Maud
 11197 | Lair:3   | Banished Maud
 11382 | Lair:3   | Identified Vehumet's Guide on Attacks
 11469 | Lair:3   | Reached skill level 5 in Shields
 11569 | Lair:3   | Reached skill level 12 in Armour
 11570 | Lair:3   | Found a staircase to the Swamp.
 12209 | Lair:4   | Reached XP level 12. HP: 67/96 MP: 16/16
 12263 | Lair:4   | Noticed a six-headed hydra
 12268 | Lair:4   | Banished a six-headed hydra
 12301 | Lair:4   | Noticed Nergalle
 12310 | Lair:4   | Killed Nergalle
 12469 | Lair:4   | Noticed Sonja
 12921 | Lair:4   | Cast into the Abyss (Sonja)
 12921 | Abyss:1  | Found a corrupted altar of Lugonu.
 13048 | Lair:4   | Escaped the Abyss
 13326 | Lair:4   | Cast into the Abyss (Sonja)
 13340 | Lair:4   | Escaped the Abyss
 13622 | Lair:4   | Cast into the Abyss (Sonja)
 13633 | Abyss:1  | Identified a scroll of acquirement
 13634 | Abyss:1  | Got a pair of distressingly furry boots
 13657 | Abyss:1  | Identified the +1 pair of boots of the Hanged Man {rPois} (You acquired it on level 1 of the Abyss)
 13718 | Abyss:1  | Got a crystal falchion
 13719 | Abyss:1  | Identified the +6 falchion of the Wraith {freeze, Str+7} (You found it on level 1 of the Abyss)
 13744 | Lair:4   | Escaped the Abyss
 13757 | Lair:4   | Killed Sonja
 14157 | Lair:4   | Noticed an eight-headed hydra
 14172 | Lair:4   | Killed an eight-headed hydra
 14567 | Lair:5   | Noticed an eight-headed hydra
 14584 | Lair:5   | Killed an eight-headed hydra
 14987 | Lair:5   | Reached skill level 1 in Polearms
 15340 | Lair:6   | Reached skill level 13 in Armour
 15341 | Lair:6   | Found a hole to the Spider Nest.
 15449 | Lair:6   | Reached XP level 13. HP: 90/103 MP: 18/18
 16416 | Lair:6   | Reached skill level 10 in Axes
 16888 | Lair:7   | Got an ichor-stained broad axe
 16889 | Lair:7   | Identified the cursed +0 broad axe "Etoott" {speed, rElec Int+3 Dex+2} (You found it on level 7 of the Lair of Beasts)
 17419 | Lair:7   | Found a staircase to the Slime Pits.
 18445 | Lair:8   | Entered Level 8 of the Lair of Beasts
 18445 | Lair:8   | Noticed aardvark's ghost (journeyman MiBe)
 18703 | Lair:8   | Banished aardvark's ghost
 18742 | Lair:8   | Gained mutation: Your flesh is very cold resistant. [demonic ancestry]
 18742 | Lair:8   | Reached XP level 14. HP: 56/113 MP: 19/19
 18744 | Lair:8   | Found a frozen archway.
 18753 | IceCv    | Entered an ice cave
 19322 | IceCv    | HP: 1/114 [ice dragon (11)]
 19322 | IceCv    | Mangled by an ice dragon

Action                   |  1- 3 |  4- 6 |  7- 9 | 10-12 | 13-15 || total
-------------------------+-------+-------+-------+-------+-------++-------
Melee: Hand axe          |   137 |    74 |       |       |       ||   211
       War axe           |       |    57 |    69 |       |       ||   126
       Broad axe         |       |       |   120 |   577 |   549 ||  1246
       Flail             |       |       |       |     6 |       ||     6
       Demon trident     |       |       |       |    25 |       ||    25
       Falchion          |       |       |       |     2 |       ||     2
Throw: Tomahawk          |       |       |     6 |     8 |       ||    14
Invok: Depart the Abyss  |     1 |       |       |     3 |       ||     4
       Banish            |       |       |     2 |    14 |     4 ||    20
  Use: Potion            |       |     3 |    12 |     4 |     3 ||    22
       Scroll            |       |     9 |     6 |    14 |     7 ||    36
 Stab: Invisible         |       |       |     1 |       |       ||     1
  Eat: Chunk             |     1 |     8 |    12 |     8 |     8 ||    37
       Pizza             |       |     1 |       |     2 |       ||     3
       Royal jelly       |       |       |     2 |     2 |       ||     4
       Fruit             |       |       |     3 |       |       ||     3
       Beef jerky        |       |       |       |     2 |     1 ||     3
       Bread ration      |       |       |       |     3 |     1 ||     4
